 Dungeon Crawl Stone Soup version 0.31.0-11-ge490571c62 (webtiles) character file.

Game seed: 11609617167685655497

1780167 RepHenryClay the Invulnerable (level 27, 199/199 HPs)
             Began as a Gargoyle Fighter on Jan 26, 2024.
             Was a High Priest of Okawaru.
             Escaped with the Orb
             ... and 3 runes on Jan 27, 2024!
             The game lasted 02:41:42 (60839 turns).

RepHenryClay the Invulnerable (Gargoyle Fighter)   Turns: 60839, Time: 02:41:43

Health: 199/199    AC: 68    Str: 34    XL:     27
Magic:  30/30      EV: 20    Int: 14    God:    Okawaru [*****.]
Gold:   3166       SH: 19    Dex:  5    Spells: 24/26 levels left

rFire   + + .        a - +9 eveningstar (holy)
rCold   + + +        c - +2 kite shield {rC+ rF+}
rNeg    + + .        Y - +8 gold dragon scales
rPois   ∞            Z - +1 hat "Tes Neoq" {-Cast rN+ Str+4}
rElec   +            F - +1 cloak of the Evening {rC++ Will+ Dex-3 Stlth+}
rCorr   .            e - +0 pair of gloves of Rotation {Regen+}
SInv    .            s - +2 pair of boots {Fly}
Will    +++..        E - amulet of reflection Stlth
                     M - +5 ring of evasion
HPRegen 1.33/turn    Q - +5 ring of evasion
MPRegen 0.22/turn

%: no spellcasting, random rage (3%), reflection
@: flying, studying 2 skills
A: sickness immunity, AC +20, big wings, negative energy resistance 1,
electricity resistance, torment resistance 1, petrification resistance, antennae
1, iridescent scales 1, berserk 1, clever 1, clumsy 1, inability to drink after
injury 1
0: Orb of Zot
}: 3/15 runes: serpentine, barnacled, silver
a: Renounce Religion, Heroism, Finesse, Duel


You escaped.
You worshipped Okawaru.
Okawaru was extremely pleased with you.
You visited 10 branches of the dungeon, and saw 48 of its levels.
You visited 1 bazaar.
You also visited: Trove, Ossuary and Bailey.

You collected 7446 gold pieces.
You spent 4280 gold pieces at shops.

Inventory:

Hand Weapons
 a - a +9 eveningstar of holy wrath (weapon)
 g - a +4 heavy eveningstar
Missiles
 j - 5 throwing nets
 p - 8 datura-tipped darts
 q - 12 curare-tipped darts
 K - 58 boomerangs
 U - 22 silver javelins (quivered)
 V - 23 javelins
Armour
 c - a +2 kite shield of resistance (worn)
 e - the +0 pair of gloves of Rotation (worn) {Regen+}
   (You took it off Nikola on level 2 of the Snake Pit)

   Regen+:    It increases your rate of health regeneration.
 s - a +2 pair of boots of flying (worn)
 F - the +1 cloak of the Evening (worn) {rC++ Will+ Dex-3 Stlth+}
   (You bought it in a shop on level 3 of the Snake Pit)

   Dex-3:     It affects your dexterity (-3).
   rC++:      It greatly protects you from cold.
   Will+:     It increases your willpower.
   Stlth+:    It makes you more stealthy.
 H - a scarf of repulsion
 Y - +8 gold dragon scales (worn)
 Z - the +1 hat "Tes Neoq" (worn) {-Cast rN+ Str+4}
   (You acquired it on level 3 of the Realm of Zot)

   Str+4:     It affects your strength (+4).
   rN+:       It protects you from negative energy.
   -Cast:     It prevents spellcasting.
Jewellery
 r - a ring of see invisible
 z - the amulet of Leaves {Regen+ rCorr Str+3}
   (You found it on level 5 of the Vaults)

   [amulet of regeneration]

   Str+3:     It affects your strength (+3).
   Regen+:    It increases your rate of health regeneration.
   rCorr:     It protects you from acid and corrosion.
 D - a ring of resist corrosion
 E - an amulet of reflection (around neck)
 M - a +5 ring of evasion (left hand)
 Q - a +5 ring of evasion (right hand)
 X - a ring of protection from fire
Wands
 v - a wand of quicksilver (47)
 I - a wand of digging (23)
 N - a wand of roots (47)
 P - a wand of mindburst (16)
Scrolls
 b - 4 scrolls of enchant weapon
 h - 14 scrolls of teleportation
 w - 7 scrolls of fog
 x - a scroll of revelation
 y - 7 scrolls of poison
 B - 10 scrolls of immolation
 C - 3 scrolls of blinking
 R - 10 scrolls of fear
 S - 3 scrolls of brand weapon
 W - 31 scrolls of identify {@r1}
Potions
 d - 26 potions of curing
 i - 9 potions of ambrosia
 k - 10 potions of might
 l - 6 potions of haste
 m - 3 potions of cancellation
 n - 6 potions of heal wounds
 t - 7 potions of enlightenment
 G - 6 potions of invisibility
 J - 6 potions of magic
 L - 9 potions of resistance
 T - 7 potions of attraction
Miscellaneous
 o - a phial of floods
 u - a tin of tremorstones (2/2)


   Skills:
 O Level 27 Fighting
 - Level 16.0 Maces & Flails
 - Level 16.0 Throwing
 O Level 27 Armour
 + Level 15.9 Dodging
 - Level 17.0 Shields
 - Level 8.9 Translocations
 - Level 10.0 Invocations
 - Level 10.0 Evocations


You had 24 spell levels left.
You knew the following spells:

 Your Spells              Type           Power      Damage    Failure   Level
Q - Blink                 Tloc           48%        N/A       6%          2

Your spell library contained the following spells:

 Spells                   Type           Power      Damage    Failure   Level
 Lesser Beckoning         Tloc           48%        N/A       6%          2
 Gell's Gravitas          Tloc           24%        N/A       13%         3
 Teleport Other           Tloc           24%        N/A       13%         3
 Manifold Assault         Tloc           24%        N/A       38%         4
 Passage of Golubria      Tloc           24%        N/A       38%         4
 Volatile Blastmotes      Fire/Tloc      24%        2d12      61%         3
 Foxfire                  Conj/Fire      0%         2x1d4     85%         1
 Freeze                   Ice            0%         1d3       85%         1
 Magic Dart               Conj           0%         1d3       85%         1
 Necrotise                Necr           0%         1d4       85%         1
 Sandblast                Erth           0%         2d4       85%         1
 Sting                    Conj/Alch      0%         1d3       85%         1
 Ensorcelled Hibernation  Hex/Ice        0%         N/A       94%         2
 Jinxbite                 Hex            0%         N/A       94%         2
 Mercury Vapours          Alch/Air       0%         N/A       94%         2
 Searing Ray              Conj           0%         2d4       94%         2
 Static Discharge         Conj/Air       0%         3-3/arc   94%         2
 Iskenderun's Mystic Bla  Conj/Tloc      12%        2d5       95%         4
 Vhi's Electric Charge    Tloc/Air       24%        N/A       95%         4
 Confusing Touch          Hex            0%         N/A       99%         3
 Dazzling Flash           Conj/Hex       0%         N/A       99%         3
 Fugue of the Fallen      Necr           0%         N/A       99%         3
 Hailstorm                Conj/Ice       0%         3d5       99%         3
 Inner Flame              Hex/Fire       0%         N/A       99%         3
 Mephitic Cloud           Conj/Alch/Air  0%         N/A       99%         3
 Ozocubu's Armour         Ice            0%         N/A       99%         3
 Passwall                 Erth           0%         N/A       99%         3
 Stone Arrow              Conj/Erth      0%         3d7       99%         3
 Airstrike                Air            0%         2d(0-16)  100%        4
 Anguish                  Hex/Necr       0%         N/A       100%        4
 Brom's Barrelling Bould  Conj/Erth      0%         2d3       100%        4
 Cause Fear               Hex            0%         N/A       100%        4
 Flame Wave               Conj/Fire      0%         2d4       100%        4
 Fulminant Prism          Conj/Alch      0%         3d5       100%        4
 Ignite Poison            Fire/Alch      0%         N/A       100%        4
 Olgreb's Toxic Radiance  Alch           0%         N/A       100%        4
 Petrify                  Alch/Erth      0%         N/A       100%        4
 Sticky Flame             Fire/Alch      0%         2d4       100%        4
 Arcjolt                  Conj/Air       0%         1d10      100%        5
 Borgnjor's Vile Clutch   Necr/Erth      0%         N/A       100%        5
 Fireball                 Conj/Fire      0%         3d3       100%        5
 Freezing Cloud           Conj/Ice/Air   0%         6-21      100%        5
 Irradiate                Conj/Alch      0%         3d11      100%        5
 Iskenderun's Battlesphe  Conj           0%         2d6       100%        5
 Silence                  Hex/Air        0%         N/A       100%        5
 Yara's Violent Unravell  Hex/Alch       0%         3d3       100%        5
 Bombard                  Conj/Erth      0%         9d1       100%        6
 Conjure Ball Lightning   Conj/Air       0%         3x3d6     100%        6
 Dispersal                Tloc           12%        N/A       100%        6
 Plasma Beam              Fire/Air       0%         2x1d10    100%        6
 Starburst                Conj/Fire      0%         6d3       100%        6
 Orb of Destruction       Conj           0%         9d5       100%        7
 Ozocubu's Refrigeration  Ice            0%         4d7       100%        7
 Disjunction              Tloc           12%        N/A       100%        8
 Maxwell's Capacitive Co  Air            0%         ∞         100%        8
 Cigotuvi's Dreadful Rot  Necr/Alch/Air  Unusable   N/A       N/A         2
 Sublimation of Blood     Necr           Unusable   N/A       N/A         2
 Tukima's Dance           Hex            Unusable   N/A       N/A         3
 Animate Dead             Necr           Unusable   N/A       N/A         4
 Summon Lightning Spire   Summ/Air       Unusable   N/A       N/A         4
 Summon Forest            Summ/Tloc      Unusable   N/A       N/A         5
 Death Channel            Necr           Unusable   N/A       N/A         6
 Sculpt Simulacrum        Ice/Alch       Unusable   N/A       N/A         6
 Haunt                    Necr/Summ      Unusable   N/A       N/A         7
 Spellforged Servitor     Conj/Summ      Unusable   N/A       N/A         7
 Dragon's Call            Summ           Unusable   N/A       N/A         9

Dungeon Overview and Level Annotations

Branches:
Dungeon (15/15)            Temple (1/1) D:4            Lair (5/5) D:8
 Shoals (4/4) Lair:2        Snake (4/4) Lair:2        Slime (0/5) Lair:5
    Orc (2/2) D:9             Elf (3/3) Orc:2        Vaults (5/5) D:13
  Crypt (0/3) Vaults:3     Depths (4/4) D:15            Zot (5/5) Depths:4
Ossuary (visited)          Bailey (visited)

Altars:
Ashenzari
Cheibriados
Dithmenos
Elyvilon
Fedhas
Gozag
Hepliaklqana
Kikubaaqudgha
Makhleb
Nemelex Xobeh
Okawaru
Qazlal
Ru
Sif Muna
Trog
Uskayaw
Vehumet
Wu Jian
Xom
Yredelemnul
Zin
The Shining One
Jiyva

Shops:
D:1 [(   D:6 [   D:9 !   D:13 :   Orc:2 [[=   Elf:1 !((?*   Elf:2 *
Shoals:1 (   Snake:3 :[   Vaults:1 =   Vaults:2 [!!   Vaults:3 *   Zot:5 *
Depths:4 *=:=!

Portals:
Hell: Depths:1 Depths:2 Depths:3 Depths:4
Abyss: Depths:3 Depths:4
Pandemonium: Depths:1 Depths:2
Ziggurat: Depths:1

Annotations:
D:15 Boris
Vaults:3 3 runed translucent doors, Dacon's ghost, adept MiGl
Depths:1 3 runed translucent doors, Xutext's ghost, adept DsAK
Zot:5 3 runed translucent doors, exclusion: obsidian statue, Netemen's ghost, master GnFi


Innate Abilities, Weirdness & Mutations

You are immune to sickness and miasma.
Your stone body is resilient. (AC +20)
You are immune to poison.
Your large and strong wings let you fly.
You resist negative energy. (rN+)
You are resistant to electric shocks. (rElec)
You are resistant to unholy torment.
You are immune to petrification.
You have a pair of small antennae on your head.
You are partially covered in iridescent scales. (AC +2)
You sometimes lose your temper in combat.
Your mind is acute. (Int +4, Str/Dex -1)
You are clumsy. (Dex -2)
You occasionally lose the ability to drink potions when taking damage.


Message History

Damage: -2%(-3hp) hp: 87%(173hp)
You puncture the Orb Guardian!
The Orb Guardian is almost dead.
You block the blizzard demon's attack. x2
The Orb Guardian hits you but does no damage.
You impale the Orb Guardian!!
You kill the Orb Guardian!
Okawaru accepts your kill. The blizzard demon gestures at you.
The bolt of lightning hits you. You resist.
Damage: -1%(-1hp) hp: 87%(173hp)
You puncture the blizzard demon!
The blizzard demon convulses!
The blizzard demon is moderately wounded.
You puncture the blizzard demon!
The blizzard demon convulses!!
The blizzard demon is almost dead.
The blizzard demon hits you but does no damage.
The blizzard demon misses you.
You barely miss the blizzard demon.
The blizzard demon is almost dead.
The blizzard demon gestures at you. The freezing blast misses you.
You thump the blizzard demon!
You kill the blizzard demon!
Okawaru accepts your kill.
You are engulfed in freezing vapours.
You resist.
No target in view!
You are engulfed in freezing vapours.
You resist.
What level of the Dungeon? (default 1, ? - help)
There is a stone staircase leading up here.
You fly upwards.
There is a stone staircase leading down here.
You recover from your berserk rage.
There is a stone staircase leading up here.
You fly upwards.
There is a stone staircase leading down here.
HP restored.
There is an open door here.
There is an open door here.
There is a staircase leading out of the dungeon here.
You have escaped!

..........#.# #.'..∩..'.....#...#.#
...########.# ###≈≈.###.....#...#.#
...# ####.# ##≈.#.......#.#.#..
...# #....# ##'##......+.(...# ...#
###.##########.##......###.#.# ...#
#...#.............###'#....#.# ####
#.#.#.........###.###.#.#..#.# ...#
#.###.........###...#.#.#..#.#
.#.###...#.......@....##.#...#.....
.#.....#.#....8....##....##########
.#####.#.#...♣.....###.### #.....#
.....#.#.#.........# #.# #.#####
####.#.#.#.........# #.######.## ##
#...#.#.........# #.........#
.###.###.########### ####......#
.'....##.# #......# .####'##+#####
#......#


There were no monsters in sight!

Vanquished Creatures
  4 dread liches
  Tiamat (Zot:4)
  4 ancient liches
  8 orbs of fire
  The ghost of Beclu the Imperceptible, a legendary GnSk of Dithmenos (Zot:1)
  The ghost of Netemen the Timeless, a master GnFi of Cheibriados (Depths:4)
  2 curse toes (Zot:4)
  Boris (thrice) (Vaults:3 Vaults:4 Depths:1)
  3 Killer Klowns (Zot:5)
  Vashnia (Snake:2)
  12 golden dragons
  Nikola (Snake:2)
  5 electric golems
  A bone dragon (Vaults:3)
  12 tentacled monstrosities
  31 Orb Guardians
  A walking earthen tome (Depths:2)
  A lich (Zot:3)
  9 titans
  A pandemonium lord (D:5)
  Polyphemus (Shoals:3)
  3 quicksilver dragons
  3 deep elf blademasters
  3 sphinxes
  2 deep elf master archers (Elf:3)
  An Executioner (Depths:3)
  Agnes (D:14)
  A kraken (Shoals:1)
  7 death cobs
  Gastronok (Lair:2)
  Aizul (Snake:2)
  14 shadow dragons
  16 storm dragons
  A nagaraja (Snake:4)
  7 tengu reavers
  Roxanne (Shoals:2)
  5 protean progenitors
  Donald (Orc:2)
  5 draconian knights
  6 draconian shifters
  10 draconian monks
  5 draconian scorchers
  14 vault wardens
  8 fire giants
  16 frost giants
  7 deep elf sorcerers
  A caustic shrike zombie (Depths:2)
  A balrug (Depths:4)
  6 deep elf elementalists
  An iron dragon (Depths:4)
  5 ghost moths
  An orc warlord (Vaults:4)
  9 draconian annihilators
  16 ironbound preservers
  2 quicksilver oozes (Zot:4)
  9 draconian stormcallers
  36 very ugly things
  5 vampire knights
  8 ironbound thunderhulks
  12 stone giants
  3 formless jellyfish
  12 green draconians
  8 deep elf annihilators
  9 deep elf death magi
  11 black draconians
  15 yellow draconians
  4 deep elf demonologists
  10 red draconians
  10 white draconians
  3 war gargoyles
  6 dire elephants
  12 purple draconians
  9 spark wasps
  A crystal guardian (Vaults:1)
  3 merfolk javelineers
  A blizzard demon (D:3)
  5 merfolk impalers
  Josephine (D:10)
  17 fire dragons
  9 yaktaur captains
  5 jiangshi
  4 deep elf high priests
  24 ettins
  12 ice dragons
  3 entropy weavers
  3 salamander tyrants
  An entropy weaver (shapeshifter) (D:13)
  5 great orbs of eyes
  4 rakshasas
  2 peacekeepers
  4 spriggan air magi
  36 vault guards
  An alligator snapping turtle (Shoals:4)
  4 ogre magi
  5 hydras
  4 catoblepae
  5 ironbound frosthearts
  4 boulder beetles
  4 merfolk aquamancers
  Erica (D:10)
  A jorogumo (Zot:5)
  3 merfolk avatars
  19 anacondas
  30 dancing weapons
  15 centaur warriors
  17 deep troll earth magi
  3 satyrs
  12 two-headed ogres
  20 naga warriors
  4 tengu warriors
  15 death yaks
  2 death knights
  2 vampire magi
  7 deep troll shamans
  4 spriggan berserkers
  5 occultists
  4 shock serpents
  A sun demon (D:5)
  15 deep elf knights
  11 naga sharpshooters
  A skeletal warrior (D:13)
  2 hell knights (Depths:1)
  3 spriggans
  Amaemon (Lair:2)
  Nergalle (D:11)
  A sixfirhy (Zot:2)
  A shadow wraith (Vaults:5)
  3 skysharks
  3 salamander mystics
  A glowing orange brain (shapeshifter) (Vaults:5)
  60 deep trolls
  13 sea snakes
  3 iron trolls
  14 mana vipers
  A death drake (shapeshifter) (Vaults:5)
  4 arcanists
  10 naga ritualists
  12 deep elf archers
  3 glowing orange brains
  2 flayed ghosts
  3 phantasmal warriors
  15 lindwurms
  6 orc knights
  20 ironbound convokers
  A steelbarb worm (shapeshifter) (Vaults:5)
  26 deep elf zephyrmancers
  13 harpies
  23 deep elf pyromancers
  A wolf spider (shapeshifter) (Vaults:5)
  An oklob plant (Lair:1)
  A wolf spider (D:15)
  4 necromancers
  29 ugly things
  8 cyclopes
  16 manticores
  A fire giant zombie (Depths:2)
  3 meliai (D:13)
  15 fauns
  A fire giant skeleton (Depths:2)
  18 salamanders
  Maurice (D:10)
  A frost giant skeleton (Depths:2)
  17 naga magi
  29 moths of wrath
  A meliai (shapeshifter) (D:13)
  42 black mambas
  A kobold blastminer (Orc:2)
  6 merfolk sirens
  8 guardian serpents
  3 water nymphs
  14 vault sentinels
  26 elephants
  2 large abominations (Depths:3)
  4 torpor snails
  A gargoyle (D:10)
  3 smoke demons
  An orange demon (Lair:2)
  15 cane toads
  A rime drake (shapeshifter) (Elf:2)
  An unseen horror (D:11)
  28 yaktaurs
  2 rime drakes (Lair:1)
  2 efreet (D:13)
  2 freezing wraiths
  6 komodo dragons
  A golden dragon simulacrum (Depths:2)
  4 tengu conjurers
  Psyche (D:11)
  15 trolls
  A human skeleton (Vaults:3)
  Prince Ribbit (Bailey)
  A polar bear (Lair:5)
  35 merfolk
  4 hornets
  8 wind drakes
  9 blink frogs
  A glass eye (shapeshifter) (Vaults:5)
  A frost giant simulacrum (Depths:2)
  3 dream sheep (Lair:2)
  A glass eye (Depths:2)
  11 slime creatures
  A stone giant simulacrum (Vaults:3)
  A spriggan zombie (Depths:2)
  Sigmund (D:5)
  8 snapping turtles
  A jumping spider (Vaults:5)
  An ettin zombie (Depths:2)
  A vampire (D:13)
  3 air elementals
  3 wyverns
  11 wraiths
  8 humans (Bailey)
  62 yaks
  2 fire bats (Depths:3)
  2 wargs
  15 water elementals
  2 basilisks
  4 fire elementals
  6 redbacks
  A human simulacrum (Vaults:3)
  2 steam dragons
  2 vampire mosquitoes (D:13)
  Grum (D:10)
  A chaos spawn (Depths:3)
  Edmund (D:5)
  53 nagas
  3 acid dragons
  An acid dragon (shapeshifter) (Vaults:5)
  14 water moccasins
  A glowing shapeshifter skeleton (Vaults:3)
  22 orc warriors
  3 ice beasts
  A sky beast (D:6)
  4 black bears
  A swamp drake (D:9)
  22 wolves
  26 ogres
  3 boggarts (Vaults:1)
  4 centaurs
  A phantom (D:4)
  2 kobold brigands
  17 bullfrogs
  2 earth elementals
  4 scorpions
  10 wights (D:9)
  5 killer bees (D:8)
  2 electric eels
  8 howler monkeys
  A bombardier beetle (D:7)
  3 bullfrog zombies (Ossuary)
  3 hounds (D:5)
  11 orc priests
  5 jellies
  7 mummies (Ossuary)
  A sleepcap (D:6)
  4 iguanas
  22 orc wizards
  A killer bee zombie (Ossuary)
  3 crocodile zombies (Ossuary)
  A hound zombie (Ossuary)
  5 howler monkey zombies (Ossuary)
  Robin (D:3)
  19 gnolls
  6 adders
  A shadow imp (D:7)
  4 white imps
  2 ufetubi (D:6)
  A ribbon worm (D:2)
  89 orcs
  5 bats
  9 endoplasms
  2 giant cockroaches (D:1)
  24 goblins
  16 hobgoblins
  10 jackals
  2 quokkas
  6 ball pythons
  5 ball python zombies (Ossuary)
  2 frilled lizards
  24 kobolds
  7 rats
  2 aspiring fleshes (Zot:5)
  A fire vortex (D:5)
  A spectral weapon (Vaults:5)
  2 tentacles (Shoals:1)
2139 creatures vanquished.

Vanquished Creatures (collateral kills)
  An orc (D:4)
  2 jackals (D:4)
3 creatures vanquished.

Vanquished Creatures (others)
  Jorgrun (D:12)
  A lich (Vaults:5)
  A death cob (Zot:1)
  A draconian knight (Zot:4)
  A fire giant (Depths:3)
  A ghost moth (Zot:4)
  A draconian annihilator (Zot:1)
  A very ugly thing (Depths:1)
  2 deep elf knights
  A deep troll (Depths:1)
  A deep elf pyromancer (D:14)
  A deep elf zephyrmancer (Elf:2)
  A merfolk (Shoals:4)
  A dream sheep (Shoals:1)
  A water elemental (Elf:1)
  A fire bat (Depths:3)
  An ogre (D:4)
  A small abomination (D:5)
  A wight (D:9)
  An orc wizard (D:15)
  14 tentacles (Shoals:1)
35 creatures vanquished.

Grand Total: 2177 creatures vanquished

Notes
Turn   | Place    | Note
-------+----------+-------------------------------------------
     0 | D:1      | RepHenryClay the Gargoyle Fighter began the quest for the
                  | Orb.
     0 | D:1      | Reached XP level 1. HP: 14/14 MP: 1/1
     5 | D:1      | Found Taeth's Antique Armour Boutique.
    70 | D:1      | Reached XP level 2. HP: 19/19 MP: 2/2
   407 | D:1      | Reached XP level 3. HP: 23/23 MP: 3/3
   540 | D:1      | Found Elleamot's Antique Weapon Boutique.
   876 | D:2      | Identified the +11 whip of Terra Cotta {venom, *Noise rElec
                  | Str-3 Int+8}
   999 | D:2      | Found an ornate altar of the Wu Jian Council.
  1041 | D:2      | Reached XP level 4. HP: 27/28 MP: 4/4
  1206 | D:2      | Identified the +7 hand axe "Diro" {freeze, rF+ rC+ Int+2
                  | Stlth-}
  1708 | D:3      | Noticed Robin
  1771 | D:3      | Killed Robin
  1772 | D:3      | Reached XP level 5. HP: 30/32 MP: 5/5
  1953 | D:4      | Found a radiant altar of Vehumet.
  2013 | D:4      | Noticed an ogre
  2120 | D:4      | Found a staircase to the Ecumenical Temple.
  2126 | Temple   | Entered the Ecumenical Temple
  2137 | Temple   | Became a worshipper of Warmaster Okawaru
  2201 | D:4      | Reached skill level 5 in Maces & Flails
  2215 | D:4      | Reached XP level 6. HP: 37/37 MP: 6/6
  2262 | D:4      | Found a sand-covered staircase.
  2290 | D:4      | Reached * piety under Okawaru
  2299 | Ossuary  | Entered an ossuary
  2313 | Ossuary  | Reached skill level 1 in Invocations
  2313 | Ossuary  | Reached XP level 7. HP: 31/41 MP: 7/7
  2578 | Ossuary  | Reached skill level 5 in Invocations
  2657 | Ossuary  | Reached ** piety under Okawaru
  2658 | Ossuary  | Reached XP level 8. HP: 46/46 MP: 11/11
  2703 | D:4      | Found a snail-covered altar of Cheibriados.
  2927 | D:4      | Found a glowing golden altar of the Shining One.
  2954 | D:4      | Found an opulent altar of Gozag.
  3072 | D:5      | Entered Level 5 of the Dungeon
  3633 | D:5      | Noticed Sigmund
  3639 | D:5      | Noticed Edmund
  3641 | D:5      | Killed Sigmund
  3653 | D:5      | Killed Edmund
  3653 | D:5      | Reached *** piety under Okawaru
  3654 | D:5      | Reached skill level 10 in Maces & Flails
  3654 | D:5      | Reached XP level 9. HP: 29/51 MP: 12/12
  3776 | D:5      | Found a shadowy altar of Dithmenos.
  4096 | D:6      | Found Ixonicvaed's Antique Armour Boutique.
  4677 | D:7      | Found a white marble altar of Elyvilon.
  5110 | D:7      | Identified the +1 sling "Transmigrator" {heavy, rF+ Will++
                  | Int-2}
  5572 | D:8      | Reached skill level 5 in Armour
  5585 | D:8      | Reached **** piety under Okawaru
  5643 | D:8      | Reached XP level 10. HP: 46/58 MP: 13/13
  5692 | D:8      | Reached skill level 5 in Fighting
  5815 | D:8      | Found a sacrificial altar of Ru.
  5834 | D:8      | Identified a scroll of acquirement
  5834 | D:8      | Acquired a manual of Throwing
  5893 | D:8      | Noticed an elephant
  5894 | D:8      | Found a staircase to the Lair.
  5912 | D:8      | Killed an elephant
  6008 | D:8      | Found a flagged portal.
  6015 | Bailey   | Entered a bailey
  6057 | Bailey   | Reached ***** piety under Okawaru
  6178 | Bailey   | Noticed a vault guard
  6203 | Bailey   | Killed a vault guard
  6223 | Bailey   | Noticed Prince Ribbit
  6226 | Bailey   | Noticed a vault guard
  6239 | Bailey   | Killed Prince Ribbit
  6240 | Bailey   | Reached XP level 11. HP: 41/67 MP: 13/16
  6246 | Bailey   | Killed a vault guard
  6791 | D:9      | Received a gift from Okawaru
  6816 | D:9      | Reached skill level 1 in Throwing
  6855 | D:9      | Found a staircase to the Orcish Mines.
  6979 | D:9      | Noticed a necromancer
  6989 | D:9      | Killed a necromancer
  7246 | D:9      | Found Rash's Distillery.
  7251 | D:9      | Noticed a two-headed ogre
  7264 | D:9      | Killed a two-headed ogre
  7301 | D:9      | Bought a potion of attraction for 30 gold pieces
  7301 | D:9      | Bought a potion of cancellation for 80 gold pieces
  7301 | D:9      | Bought 2 potions of heal wounds for 100 gold pieces
  7301 | D:9      | Bought a potion of heal wounds for 50 gold pieces
  7728 | D:10     | Entered Level 10 of the Dungeon
  7759 | D:10     | Noticed Erica
  7759 | D:10     | Noticed Josephine
  7800 | D:10     | Killed Josephine
  7802 | D:10     | Killed Erica
  7802 | D:10     | Received a gift from Okawaru
  7839 | D:10     | Reached skill level 5 in Throwing
  7839 | D:10     | Reached skill level 10 in Armour
  7893 | D:10     | Got the Papyrus of Cadavers
  8026 | D:10     | Noticed Maurice
  8030 | D:10     | Something stole a +2 buckler
  8038 | D:10     | Something stole 447 gold
  8041 | D:10     | Killed Maurice
  8042 | D:10     | Reached XP level 12. HP: 61/77 MP: 8/18
  8125 | D:10     | Reached skill level 10 in Fighting
  8213 | D:10     | Noticed Grum
  8242 | D:10     | Killed Grum
  8597 | Lair:1   | Entered Level 1 of the Lair of Beasts
  8607 | Lair:1   | Received a gift from Okawaru
  8644 | Lair:1   | Found a glowing golden altar of the Shining One.
  8924 | Lair:1   | Reached ****** piety under Okawaru
  8924 | Lair:1   | Received a gift from Okawaru
  8953 | Lair:1   | Acquired the +15 Maxwell's patent armour {-Cast -Tele rElec
                  | Will+ rCorr}
  8953 | Lair:1   | Received a gift from Okawaru
  8953 | Lair:1   | Found the +15 Maxwell's patent armour {-Cast -Tele rElec
                  | Will+ rCorr}
  9848 | Lair:2   | Found a staircase to the Shoals.
  9953 | Lair:2   | Reached XP level 13. HP: 72/85 MP: 19/19
 10032 | Lair:2   | Received a gift from Okawaru
 10172 | Lair:2   | Noticed Gastronok
 10174 | Lair:2   | Acquired a +3 eveningstar of holy wrath
 10174 | Lair:2   | Received a gift from Okawaru
 10208 | Lair:2   | Killed Gastronok
 10209 | Lair:2   | Reached skill level 10 in Throwing
 10370 | Lair:2   | Found a staircase to the Snake Pit.
 10566 | Lair:2   | Noticed Amaemon
 10586 | Lair:2   | Killed Amaemon
 11164 | Lair:3   | Received a gift from Okawaru
 11924 | Lair:4   | Received a gift from Okawaru
 12702 | Lair:5   | Entered Level 5 of the Lair of Beasts
 12725 | Lair:4   | Reached skill level 15 in Armour
 12757 | Lair:5   | Gained mutation: Your large and strong wings let you fly.
                  | [Gargoyle growth]
 12757 | Lair:5   | Reached XP level 14. HP: 92/92 MP: 20/20
 12827 | Lair:5   | Received a gift from Okawaru
 13076 | Lair:5   | Received a gift from Okawaru
 13174 | Lair:5   | Found a viscous altar of Jiyva.
 13583 | Lair:5   | Found a staircase to the Slime Pits.
 13818 | Lair:5   | Received a gift from Okawaru
 14263 | Orc:1    | Entered Level 1 of the Orcish Mines
 14372 | Orc:1    | Reached XP level 15. HP: 96/96 MP: 21/21
 14531 | Orc:1    | Received a gift from Okawaru
 14753 | Orc:2    | Entered Level 2 of the Orcish Mines
 14827 | Orc:2    | Found a staircase to the Elven Halls.
 14827 | Orc:2    | Noticed Donald
 14844 | Orc:2    | Killed Donald
 15305 | Orc:2    | Received a gift from Okawaru
 15439 | Orc:2    | Found Giotaenk's Antique Armour Shop.
 15440 | Orc:2    | Found Tuliukh's Antique Armour Boutique.
 15445 | Orc:2    | Found Udieg's Book Shoppe.
 15454 | Orc:2    | Found Heachusk's Jewellery Shop.
 15473 | Orc:2    | Bought a transparent cloak for 218 gold pieces
 15473 | Orc:2    | Identified the +2 cloak "Ciat" {Harm Will- Str+3} (You
                  | bought it in a shop on level 2 of the Orcish Mines)
 15762 | D:11     | Noticed Psyche
 15772 | D:11     | Noticed Nergalle
 15776 | D:11     | Killed Psyche
 15788 | D:11     | Killed Nergalle
 16204 | D:11     | Received a gift from Okawaru
 16515 | D:12     | Noticed Jorgrun
 16533 | D:12     | Killed Jorgrun
 17274 | D:13     | Received a gift from Okawaru
 17359 | D:13     | Found a gate to the Vaults.
 17387 | D:13     | Reached XP level 16. HP: 97/103 MP: 22/22
 17532 | D:13     | Found Jownorgh's Book Boutique.
 17778 | D:13     | Found a portal to a secret trove of treasure.
 18015 | D:14     | Got the Anthology of Dhcmrlchtdj
 18039 | D:14     | Received a gift from Okawaru
 18183 | D:14     | Got Ts'ui Pên's Incunable of Forking Paths
 18291 | D:14     | Noticed Agnes
 18311 | D:14     | Killed Agnes
 18519 | D:14     | Reached skill level 10 in Invocations
 18584 | D:15     | Entered Level 15 of the Dungeon
 19164 | D:15     | Received a gift from Okawaru
 19236 | D:15     | Found a staircase to the Depths.
 19716 | Shoals:1 | Entered Level 1 of the Shoals
 19717 | Shoals:1 | Upgraded the game from 0.31.0-10-gcf4a605ca0 to
                  | 0.31.0-11-ge490571c62
 19997 | Shoals:1 | Found Wiucaot's Weapon Shop.
 20317 | Shoals:1 | Received a gift from Okawaru
 20570 | Shoals:1 | Noticed a kraken
 20596 | Shoals:1 | Reached skill level 15 in Fighting
 20632 | Shoals:1 | Killed a kraken
 21028 | Shoals:2 | Noticed Roxanne
 21801 | Shoals:3 | Reached XP level 17. HP: 62/113 MP: 24/24
 21865 | Shoals:3 | Received a gift from Okawaru
 22134 | Shoals:3 | Noticed Polyphemus
 22277 | Shoals:3 | Killed Polyphemus
 23015 | Shoals:4 | Entered Level 4 of the Shoals
 23251 | Shoals:3 | Received a gift from Okawaru
 23327 | Shoals:4 | Reached skill level 15 in Maces & Flails
 23582 | Snake:1  | Entered Level 1 of the Snake Pit
 23765 | Snake:1  | Received a gift from Okawaru
 24689 | Snake:2  | Noticed Vashnia
 24703 | Snake:2  | Killed Vashnia
 24704 | Snake:2  | Reached skill level 1 in Evocations
 25043 | Snake:2  | Identified the +0 pair of gloves of Rotation {Regen+}
 25043 | Snake:2  | Noticed Nikola
 25061 | Snake:2  | Killed Nikola
 25061 | Snake:2  | Received a gift from Okawaru
 25342 | Snake:2  | Identified the serpent talisman "Qehyrghy" {rElec rF+ Will-
                  | Str+5}
 25342 | Snake:2  | Noticed Aizul
 25373 | Snake:2  | Killed Aizul
 25530 | Snake:2  | Reached XP level 18. HP: 105/119 MP: 25/25
 25762 | Snake:3  | Received a gift from Okawaru
 25802 | Snake:3  | Found Nivaarydd's Antique Armour Shoppe.
 25802 | Snake:3  | Found Livopi's Book Emporium.
 25822 | Snake:3  | Bought a jewelled helmet for 351 gold pieces
 25822 | Snake:3  | Identified the +3 helmet of Ufedosu {+Inv Fly Will-} (You
                  | bought it in a shop on level 3 of the Snake Pit)
 25822 | Snake:3  | Bought a spiked cloak for 351 gold pieces
 25822 | Snake:3  | Identified the +1 cloak of Hangman {+Blink Will+} (You
                  | bought it in a shop on level 3 of the Snake Pit)
 25822 | Snake:3  | Bought a slimy cloak for 351 gold pieces
 25822 | Snake:3  | Identified the +1 cloak of the Evening {rC++ Will+ Dex-3
                  | Stlth+} (You bought it in a shop on level 3 of the Snake
                  | Pit)
 26591 | Snake:3  | Reached skill level 5 in Evocations
 26919 | Snake:4  | Entered Level 4 of the Snake Pit
 27208 | Snake:4  | Received a gift from Okawaru
 27596 | Snake:4  | Gained mutation: You have hidden genetic defects.
                  | [mutagenic glow]
 27624 | Snake:4  | Gained mutation: You are weak. (Str -2) [mutagenic glow]
 28299 | Snake:4  | Reached XP level 19. HP: 126/128 MP: 26/26
 28315 | Snake:4  | Gained mutation: You are clumsy. (Dex -2) [hidden defects]
 28513 | Snake:4  | Got a serpentine rune of Zot
 28792 | Elf:1    | Entered Level 1 of the Elven Halls
 28890 | Elf:1    | Found Puppil's Antique Weapon Boutique.
 28941 | Elf:1    | Found a radiant altar of Vehumet.
 28963 | Elf:1    | Paralysed by an air elemental for 1 turns
 28979 | Elf:1    | Received a gift from Okawaru
 29114 | Elf:1    | Found Eptem's General Store.
 29117 | Elf:1    | Bought a scroll of enchant weapon for 105 gold pieces
 29136 | Elf:1    | Gained mutation: Armour fits poorly on your strangely
                  | shaped body. [hidden defects]
 29136 | Elf:1    | Lost mutation: You have hidden genetic defects. [hidden
                  | defects expressed]
 29144 | Elf:1    | Lost mutation: You are weak. (Str -2) [potion of mutation]
 29144 | Elf:1    | Lost mutation: You are clumsy. (Dex -2) [potion of
                  | mutation]
 29144 | Elf:1    | Gained mutation: You have a pair of small antennae on your
                  | head. [potion of mutation]
 29144 | Elf:1    | Gained mutation: You possess an exceptional clarity of
                  | mind. [potion of mutation]
 29145 | Elf:1    | Lost mutation: You have a pair of small antennae on your
                  | head. [potion of mutation]
 29145 | Elf:1    | Lost mutation: Armour fits poorly on your strangely shaped
                  | body. [potion of mutation]
 29145 | Elf:1    | Gained mutation: Your flesh is cold resistant. (rC+)
                  | [potion of mutation]
 29145 | Elf:1    | Gained mutation: You are dopey. (Int -2) [potion of
                  | mutation]
 29145 | Elf:1    | Gained mutation: Your spells are a little easier to cast,
                  | but a little less powerful. [potion of mutation]
 29145 | Elf:1    | Gained mutation: You are agile. (Dex +4, Str/Int -1)
                  | [potion of mutation]
 29303 | Elf:1    | Reached skill level 15 in Throwing
 30055 | Elf:1    | Found Kocliduf's Distillery.
 30072 | Elf:1    | Bought a potion of curing for 48 gold pieces
 30072 | Elf:1    | Bought a potion of curing for 48 gold pieces
 30072 | Elf:1    | Bought a potion of haste for 160 gold pieces
 30102 | Elf:1    | Found Awkocig's Magic Scroll Boutique.
 30156 | Elf:1    | Found Ogava's Antique Weapon Shop.
 30200 | Elf:1    | Received a gift from Okawaru
 30483 | Elf:2    | Found a runed translucent door.
 30567 | Elf:1    | Found a shimmering blue altar of Sif Muna.
 30664 | Elf:2    | Found a runed translucent gate.
 30665 | Elf:2    | Found a runed translucent gate.
 30665 | Elf:2    | Found a runed translucent gate.
 30693 | Elf:2    | Found Omirid's General Store.
 30698 | Elf:2    | Bought a potion of heal wounds for 90 gold pieces
 30926 | Elf:2    | Received a gift from Okawaru
 31317 | Elf:2    | Reached XP level 20. HP: 120/140 MP: 27/27
 31351 | Elf:3    | Entered Level 3 of the Elven Halls
 31504 | Vaults:1 | Entered Level 1 of the Vaults
 31743 | Vaults:1 | Received a gift from Okawaru
 31833 | Vaults:1 | Found Faing's Jewellery Shop.
 32348 | Vaults:1 | Received a gift from Okawaru
 33084 | Vaults:1 | Reached skill level 5 in Shields
 33319 | Vaults:2 | Identified the +6 dagger of Diet Blood {drain, *Noise Str+2
                  | Stlth+}
 33456 | Vaults:2 | Found Ceawn's Distillery.
 33742 | Vaults:2 | Found Buumpoer's Distillery.
 33842 | Vaults:2 | Found Ygrig's Armour Shoppe.
 34206 | Vaults:2 | Received a gift from Okawaru
 34293 | Vaults:3 | Found a runed translucent gate.
 34445 | Vaults:3 | Received a gift from Okawaru
 34511 | Vaults:3 | Reached skill level 10 in Shields
 34515 | Vaults:3 | Found a flickering gateway to a bazaar.
 34528 | Bazaar   | Entered a bazaar
 34549 | Bazaar   | Found Qiudifef's Distillery.
 34565 | Bazaar   | Found Jusofuno's Armour Emporium.
 34581 | Bazaar   | Found Emnoex's Antique Armour Shoppe.
 34633 | Bazaar   | Bought a potion of haste for 90 gold pieces
 34633 | Bazaar   | Bought a potion of ambrosia for 72 gold pieces
 34760 | Vaults:3 | Found Wet Vibo's Assorted Antiques.
 34832 | Vaults:3 | Noticed a bone dragon
 34843 | Vaults:3 | Killed a bone dragon
 34848 | Vaults:3 | Found a staircase to the Crypt.
 34987 | Vaults:3 | Reached XP level 21. HP: 147/148 MP: 28/28
 35265 | Vaults:3 | Noticed Boris
 35273 | Vaults:3 | Killed Boris
 35325 | Vaults:3 | Found a runed translucent gate.
 35325 | Vaults:3 | Found a runed translucent gate.
 35325 | Vaults:3 | Noticed Dacon's ghost (adept MiGl)
 35571 | Vaults:3 | Found a viscous altar of Jiyva.
 35652 | Vaults:4 | Noticed Boris
 35662 | Vaults:4 | Killed Boris
 35662 | Vaults:4 | Received a gift from Okawaru
 36276 | Vaults:4 | Received a gift from Okawaru
 37160 | Shoals:2 | Killed Roxanne
 37161 | Shoals:2 | Reached skill level 15 in Shields
 37583 | Shoals:4 | Got a barnacled rune of Zot
 37955 | Shoals:4 | Received a gift from Okawaru
 38317 | Depths:1 | Entered Level 1 of the Depths
 38363 | Depths:1 | Found a runed translucent gate.
 38364 | Depths:1 | Found a runed translucent gate.
 38364 | Depths:1 | Noticed Xutext's ghost (adept DsAK)
 38400 | Depths:1 | Found a runed translucent gate.
 38404 | Depths:1 | Found a white marble altar of Elyvilon.
 38919 | Depths:1 | Reached XP level 22. HP: 124/155 MP: 29/29
 39058 | Depths:2 | Received a gift from Okawaru
 39423 | Depths:2 | Reached skill level 1 in Dodging
 39471 | Depths:2 | Received a gift from Okawaru
 39691 | Depths:2 | Found a gateway to Hell.
 40088 | Depths:2 | Received a gift from Okawaru
 40210 | Depths:1 | Noticed Boris
 40225 | Depths:1 | Killed Boris
 40430 | Depths:1 | Found a one-way gateway to a ziggurat.
 40456 | Depths:1 | Reached skill level 5 in Dodging
 40623 | Depths:1 | Received a gift from Okawaru
 40775 | Depths:1 | Found a one-way gate leading to the halls of Pandemonium.
 41114 | Depths:2 | Found a hazy altar of Hepliaklqana.
 41428 | Depths:2 | Reached XP level 23. HP: 162/162 MP: 30/30
 41592 | Depths:3 | Received a gift from Okawaru
 41842 | D:13     | You paid a toll of +2 storm dragon scales to enter a
                  | treasure trove
 41843 | Trove    | Entered a treasure trove
 41845 | Trove    | Found a bloodstained altar of Trog.
 42462 | Depths:3 | Found a one-way gate to the infinite horrors of the Abyss.
 42919 | Depths:4 | Entered Level 4 of the Depths
 42996 | Depths:4 | Reached skill level 10 in Evocations
 43055 | Depths:4 | Found Xagh's Distillery.
 43084 | Depths:4 | Received a gift from Okawaru
 43100 | Depths:4 | Got Sif Muna's Almanac of the White Swarm
 43238 | Depths:4 | Found Cypni's Assorted Antiques.
 43452 | Depths:4 | Received a gift from Okawaru
 43481 | Depths:4 | Found a gate to the Realm of Zot.
 43499 | Depths:4 | Reached skill level 10 in Dodging
 43761 | Depths:4 | Found Opluicabb's Jewellery Emporium.
 43761 | Depths:4 | Found Wankalexav's Book Shop.
 43762 | Depths:4 | Found Ilusm's Jewellery Emporium.
 43777 | Depths:4 | Bought a manual of Armour for 1280 gold pieces
 43944 | Depths:4 | Identified the +1 leather armour of the Guardian {Will+}
 43946 | Depths:4 | Identified the +2 falchion "Cumni" {speed, *Corrode Will+
                  | Str+3 Int+3}
 44837 | Vaults:5 | Entered Level 5 of the Vaults
 44982 | Vaults:5 | Noticed a golden dragon
 44992 | Vaults:5 | Killed a golden dragon
 45011 | Vaults:5 | Received a gift from Okawaru
 45012 | Vaults:5 | Identified the ring of the King {Wiz MP+9 Str+3}
 45146 | Vaults:5 | Reached XP level 24. HP: 168/168 MP: 30/30
 45179 | Vaults:5 | Identified the +9 rapier "Xusu" {flame, rF+ rN+ Int+3}
 45218 | Vaults:5 | Noticed an ancient lich
 45219 | Vaults:5 | Killed an ancient lich
 45362 | Vaults:5 | Got a silver rune of Zot
 45472 | Vaults:5 | Identified the +5 rapier of Annihilation {freeze, rElec
                  | rPois MP+9 Int+3}
 45511 | Vaults:5 | Received a gift from Okawaru
 45611 | Vaults:5 | Identified the +3 flail "Biuxapu" {freeze, rN+++ Str-3
                  | Dex+7}
 45704 | Vaults:5 | Received a gift from Okawaru
 46148 | Vaults:5 | Got the Discursus on the Sixfirhy
 46164 | Vaults:5 | Identified the amulet of Leaves {Regen+ rCorr Str+3}
 47685 | Elf:3    | Received a gift from Okawaru
 47872 | Vaults:1 | Bought an amulet of reflection for 600 gold pieces
 48224 | Elf:3    | Found a shimmering altar of Xom.
 48293 | Elf:3    | Paralysed by an air elemental for 1 turns
 48682 | Elf:3    | Identified the +3 leather armour of the Hot Ocelot {rF-
                  | rN+++ MP-9 Slay+6}
 48682 | Elf:3    | Identified the ring of the Exceptional God {AC+4 Int+6}
 48693 | Elf:3    | Identified the +6 halberd of Filuw {venom, Fly rElec Str-5
                  | Dex+3}
 48834 | Elf:3    | Identified the +7 morningstar of the Sage {freeze, *Noise
                  | rCorr Dex+3}
 48921 | Elf:3    | Reached XP level 25. HP: 139/168 MP: 30/30
 49093 | Elf:3    | Identified the +2 cloak of Ybuemose {rCorr}
 49100 | Elf:3    | Got the Book of the Kangaroo
 49110 | Elf:3    | Learned a level 2 spell: Blink
 49142 | Elf:3    | Identified the +6 arbalest of the Solstice {drain, rF+++
                  | rC- rN++}
 49142 | Elf:3    | Identified the +6 shortbow "Poiprug" {flame, rC+ Str+6}
 49142 | Elf:3    | Identified the ring "Amneh" {Fly Int+2}
 49573 | Elf:3    | Found a shimmering altar of Xom.
 50321 | Zot:1    | Entered Level 1 of the Realm of Zot
 50321 | Zot:1    | Found a runed translucent gate.
 50321 | Zot:1    | Found a runed translucent gate.
 50329 | Zot:1    | Found a runed translucent gate.
 50334 | Zot:1    | Noticed Netemen's ghost (master GnFi)
 50334 | Zot:1    | Noticed Beclu's ghost (legendary GnSk)
 50490 | Zot:1    | Received a gift from Okawaru
 50533 | Zot:1    | Noticed an orb of fire
 50539 | Zot:1    | Killed an orb of fire
 51335 | Zot:1    | Got the Anthology of Refrigeration
 51778 | Zot:1    | Killed Beclu's ghost
 51853 | Depths:4 | Killed Netemen's ghost
 51854 | Depths:4 | Reached skill level 1 in Translocations
 51970 | Zot:1    | Identified the ring "Caefaes" {*Slow rCorr Str+4 Int-2
                  | Dex+8}
 52047 | Zot:1    | Received a gift from Okawaru
 52601 | Zot:2    | Reached skill level 5 in Translocations
 52930 | Zot:2    | Received a gift from Okawaru
 53883 | Zot:3    | Noticed a dread lich
 53900 | Zot:3    | Killed a dread lich
 54246 | Zot:3    | Received a gift from Okawaru
 54247 | Zot:3    | Reached XP level 26. HP: 67/179 MP: 30/30
 54475 | Zot:3    | You are sucked into a shaft and drop 1 floor!
 54793 | Zot:3    | Identified the +3 morningstar of Ledishra {drain, Int+2
                  | Dex+5}
 54831 | Zot:3    | Acquired the +1 hat "Tes Neoq" {-Cast rN+ Str+4}
 54838 | Zot:3    | Acquired 798 gold pieces
 54839 | Zot:3    | Acquired a manual of Hexes
 55140 | Zot:4    | Identified the +0 leather armour of Ugum {rC+ Dex-5 SInv}
 55256 | Zot:4    | Found a broken altar of Ashenzari.
 55277 | Zot:4    | Noticed an orb of fire
 55293 | Zot:4    | Gained mutation: Armour fits poorly on your strangely
                  | shaped body. [an orb of fire]
 55304 | Zot:4    | Killed an orb of fire
 55305 | Zot:4    | Reached skill level 27 in Armour
 55837 | Zot:4    | Found the +4 dragonskin cloak
 55837 | Zot:4    | Noticed Tiamat
 56339 | Zot:4    | Killed Tiamat
 56362 | Zot:4    | Received a gift from Okawaru
 56748 | Zot:5    | Entered Level 5 of the Realm of Zot
 57565 | Zot:5    | Found a runed translucent gate.
 57565 | Zot:5    | Found a runed translucent gate.
 57565 | Zot:5    | Found a runed translucent gate.
 57566 | Zot:5    | Found an opulent altar of Gozag.
 57566 | Zot:5    | Noticed Netemen's ghost (master GnFi)
 57569 | Zot:5    | Found Qepox's Assorted Antiques.
 57669 | Zot:5    | Noticed an orb of fire
 57676 | Zot:5    | Killed an orb of fire
 57682 | Zot:5    | Noticed an orb of fire
 57684 | Zot:5    | Received a gift from Okawaru
 57691 | Zot:5    | Gained mutation: You occasionally lose the ability to read
                  | scrolls when taking damage. [an orb of fire]
 57696 | Zot:5    | Gained mutation: You occasionally lose the ability to drink
                  | potions when taking damage. [an orb of fire]
 57697 | Zot:5    | Noticed a dread lich
 57707 | Zot:5    | Killed an orb of fire
 57712 | Zot:5    | Noticed an ancient lich
 57714 | Zot:5    | Noticed a dread lich
 57715 | Zot:5    | Killed a dread lich
 57723 | Zot:5    | Killed an ancient lich
 57728 | Zot:5    | Paralysed by something for 4 turns
 57735 | Zot:5    | Killed a dread lich
 57803 | Zot:4    | Lost mutation: You are agile. (Dex +4, Str/Int -1) [potion
                  | of mutation]
 57803 | Zot:4    | Lost mutation: Your flesh is cold resistant. (rC+) [potion
                  | of mutation]
 57803 | Zot:4    | Gained mutation: You are covered in fur. (AC +1) [potion of
                  | mutation]
 57803 | Zot:4    | Lost mutation: You possess an exceptional clarity of mind.
                  | [potion of mutation]
 57804 | Zot:4    | Lost mutation: You are dopey. (Int -2) [potion of mutation]
 57804 | Zot:4    | Lost mutation: Your spells are a little easier to cast, but
                  | a little less powerful. [potion of mutation]
 57804 | Zot:4    | Gained mutation: You sometimes lose your temper in combat.
                  | [potion of mutation]
 57804 | Zot:4    | Gained mutation: You are vulnerable to cold. (rC-) [potion
                  | of mutation]
 57804 | Zot:4    | Gained mutation: Your mind is acute. (Int +4, Str/Dex -1)
                  | [potion of mutation]
 57805 | Zot:4    | Lost mutation: Armour fits poorly on your strangely shaped
                  | body. [potion of mutation]
 57805 | Zot:4    | Lost mutation: You occasionally lose the ability to read
                  | scrolls when taking damage. [potion of mutation]
 57805 | Zot:4    | Gained mutation: Your spells are a little harder to cast,
                  | but a little more powerful. [potion of mutation]
 57805 | Zot:4    | Gained mutation: Your magical capacity is low. (-10% MP)
                  | [potion of mutation]
 57805 | Zot:4    | Gained mutation: You are robust. (+10% HP) [potion of
                  | mutation]
 57806 | Zot:4    | Lost mutation: Your magical capacity is low. (-10% MP)
                  | [potion of mutation]
 57806 | Zot:4    | Lost mutation: You are covered in fur. (AC +1) [potion of
                  | mutation]
 57806 | Zot:4    | Gained mutation: Your spells are harder to cast, but more
                  | powerful. [potion of mutation]
 57806 | Zot:4    | Gained mutation: You are partially covered in iridescent
                  | scales. (AC +2) [potion of mutation]
 57807 | Zot:4    | Lost mutation: You occasionally lose the ability to drink
                  | potions when taking damage. [potion of mutation]
 57807 | Zot:4    | Lost mutation: You are partially covered in iridescent
                  | scales. (AC +2) [potion of mutation]
 57807 | Zot:4    | Lost mutation: Your spells are harder to cast, but more
                  | powerful. [potion of mutation]
 57807 | Zot:4    | Gained mutation: Your muscles are strong. (Str +4, Int/Dex
                  | -1) [potion of mutation]
 57807 | Zot:4    | Lost mutation: You are robust. (+10% HP) [potion of
                  | mutation]
 57808 | Zot:4    | Lost mutation: Your muscles are strong. (Str +4, Int/Dex
                  | -1) [potion of mutation]
 57808 | Zot:4    | Lost mutation: Your spells are a little harder to cast, but
                  | a little more powerful. [potion of mutation]
 57808 | Zot:4    | Gained mutation: You have sharp fingernails. [potion of
                  | mutation]
 57808 | Zot:4    | Gained mutation: You have sharp toenails. [potion of
                  | mutation]
 57808 | Zot:4    | Gained mutation: You have a pair of small horns on your
                  | head. [potion of mutation]
 57851 | Zot:5    | Noticed an orb of fire
 57852 | Zot:5    | Noticed an ancient lich
 57856 | Zot:5    | Noticed an orb of fire
 57856 | Zot:5    | Gained mutation: Your spells are a little easier to cast,
                  | but a little less powerful. [an orb of fire]
 57867 | Zot:5    | Killed an orb of fire
 57868 | Zot:5    | Reached XP level 27. HP: 98/193 MP: 23/30
 57868 | Zot:5    | Killed an orb of fire
 57879 | Zot:5    | Received a gift from Okawaru
 58073 | Zot:5    | Noticed an ancient lich
 58088 | Zot:5    | Killed an ancient lich
 58089 | Zot:5    | Killed an ancient lich
 58173 | Zot:5    | Noticed an orb of fire
 58177 | Zot:5    | Noticed an orb of fire
 58178 | Zot:5    | Noticed a dread lich
 58182 | Zot:5    | Gained mutation: You occasionally lose the ability to drink
                  | potions when taking damage. [an orb of fire]
 58187 | Zot:5    | Killed an orb of fire
 58187 | Zot:5    | Killed an orb of fire
 58194 | Zot:5    | Killed a dread lich
 58194 | Zot:5    | Received a gift from Okawaru
 58470 | Zot:5    | Reached skill level 27 in Fighting
 58722 | Zot:5    | Reached skill level 15 in Dodging
 59251 | Zot:5    | Lost mutation: You have a pair of small horns on your head.
                  | [potion of mutation]
 59251 | Zot:5    | Lost mutation: You have sharp toenails. [potion of
                  | mutation]
 59251 | Zot:5    | Gained mutation: You have sharp toenails. [potion of
                  | mutation]
 59732 | Vaults:3 | Bought a potion of mutation for 256 gold pieces
 59732 | Vaults:3 | Lost mutation: You have sharp toenails. [potion of
                  | mutation]
 59732 | Vaults:3 | Lost mutation: You are vulnerable to cold. (rC-) [potion of
                  | mutation]
 59732 | Vaults:3 | Lost mutation: You have sharp fingernails. [potion of
                  | mutation]
 59732 | Vaults:3 | Lost mutation: Your spells are a little easier to cast, but
                  | a little less powerful. [potion of mutation]
 59732 | Vaults:3 | Gained mutation: You are clumsy. (Dex -2) [potion of
                  | mutation]
 59732 | Vaults:3 | Gained mutation: You have a pair of small antennae on your
                  | head. [potion of mutation]
 59732 | Vaults:3 | Gained mutation: You are partially covered in iridescent
                  | scales. (AC +2) [potion of mutation]
 60213 | Zot:5    | Got the Orb of Zot
 60359 | Depths:3 | Received a gift from Okawaru
 60529 | D:15     | Noticed Boris
 60715 | D:5      | Noticed Qiabig the pandemonium lord
 60729 | D:5      | Killed Qiabig the pandemonium lord
 60839 | D:$      | Escaped with the Orb!

Illustrated notes

Levels and vault maps discovered:
D:1:      wander_arrival_peaceful_grave, layout_basic, serial_shops,
          nicolae_shop_hallway_plus, nicolae_shop_real_fake_doors
D:2:      layout_basic, basic_altar
D:3:      layout_basic, serial_bayou_pond_a, st_stairs_13,
          dreamdust_wishing_well, guppyfry_early_orc_mine, uniq_robin
D:4:      layout_cave_pools, mainiacjoe_overflow_tiny_flanked,
          lemuel_doored_altar, cheibriados_altar_1, lemuel_round_altar,
          minmay_temple_entry_fiery, enter_ossuary_1, hangedman_decor_opposing,
          grunt_ministairs_12
D:5:      kennysheep_spiral_hall, layout_basic, mainiacjoe_overflow_alcove_2,
          sigmund_edmund_badplayer
D:6:      layout_basic, serial_shops, shop, grunt_decor_arrowhead
D:7:      corexii_shantytown, layout_basic,
          mainiacjoe_overflow_concentric_impassable
D:8:      layout_basic, mainiacjoe_overflow_chevrons, david_lair_generic,
          enter_bailey_1
D:9:      layout_basic, erik_orc_1, serial_shops, shop, serial_rivers,
          chequers_serial_rivers_room_b, chequers_serial_rivers_room_a,
          chequers_serial_rivers_micro_a, chequers_serial_rivers_micro_d,
          chequers_serial_rivers_small_a, chequers_serial_rivers_room_b,
          minmay_librarian
D:10:     layout_loops_ring, uniq_erica, uniq_maurice, uniq_josephine, uniq_grum
D:11:     layout_loops_ring, uniq_nergalle, uniq_psyche
D:12:     layout_irregular_city, uniq_jorgrun
D:13:     layout_small_grid, erik_vaults_2, serial_shops, shop,
          nicolae_trove_entry_crossroad
D:14:     layout_irregular_city, bh_hangedman_babel_library, uniq_agnes
D:15:     hangedman_depths_entry_try_elsewhere_first, layout_cave_pools
Temple:   hellmonk_temple_of_storms
Lair:1:   layout_chaotic_city, basic_altar, infiniplex_staircase_pool_2,
          serial_bayou_shore_a, grunt_megastairs_5
Lair:2:   layout_cave_shapes, minmay_shoals_entry_beasts, dummy_snake_entry,
          uniq_amaemon, uniq_gastronok
Lair:3:   layout_gridlike, guppyfry_lair_drakes, serial_bayou_shore_b,
          grunt_megastairs_3
Lair:4:   layout_hall_layers, serial_bayou_shore_b
Lair:5:   evilmike_catoblepas_cave, layout_misc_corridors, slime_entry_2,
          grunt_megastairs_2, lemuel_fruit_fields, infiniplex_staircase_pool,
          serial_bayou_shore_b
Shoals:1: layout_shoals, serial_shops, shop
Shoals:2: layout_shoals, uniq_roxanne
Shoals:3: layout_shoals, nicolae_shoals_gull_way, uniq_polyphemus
Shoals:4: shoals_end_grunt_garden, layout_shoals
Snake:1:  layout_honeycomb, st_stairs_8
Snake:2:  layout_cave_town, uniq_aizul, uniq_vashnia, uniq_nikola
Snake:3:  layout_grid_shapes, minmay_shoptagon, nicolae_triple_integral
Snake:4:  snake_pit_salamanders_mu, layout_cave_town, abandoned_shop
Orc:1:    layout_caves, nicolae_orc_bridge_out
Orc:2:    st_orc_open, layout_diamond_mine, uniq_donald
Elf:1:    minmay_elf_arrival_summoners, layout_geoelf_octagon, basic_altar,
          serial_shops, shop, nicolae_shop_tiny_statue_garden,
          nicolae_shop_window_shopping, shop, nicolae_shop_stone,
          hangedman_corner_corridor, serial_sigils_hangedman_shear,
          lemuel_upstairs_altar
Elf:2:    nicolae_elf_blades_crystal_corner, layout_rooms, serial_shops,
          nicolae_shop_just_a_little_nook, nicolae_danse_macabre
Elf:3:    minmay_elf_hall_statues, layout_loops_cross, basic_altar
Vaults:1: dpeg_vaults_monster_box, nicolae_vaults_door_testing_chamber,
          grunt_vaults_bifocal, v_pattern_5, nicolae_vaults_weapon_check,
          nicolae_vaults_little_squares_6, layout_vaults_omnigrid, serial_shops,
          shop
Vaults:2: nicolae_vaults_ring_of_whatevers, vaults_room_stairs_pillars,
          v_misc_29, nicolae_vaults_diamond_1, nicolae_vaults_little_squares_4,
          hangedman_vaults_stagger, nicolae_vaults_diamond_1,
          grunt_vaults_hallway_short, layout_vaults_chaotic_city, serial_shops,
          nicolae_shop_hallway_plus, nicolae_square_shop,
          nicolae_shop_hallway_stairs
Vaults:3: gammafunk_ghost_ooze, v_misc_1, nicolae_vaults_surprise_closet_hard,
          minmay_crypt_entry_nasty_monster, v_misc_10,
          nicolae_vaults_border_crossing, nicolae_vaults_layer_cake_slice,
          hangedman_vaults_pinch, hangedman_vaults_nodes, v_misc_24,
          nicolae_vaults_little_squares_3, nicolae_vaults_closet_pinwheel_1,
          vaults_room_ringed_pool, nicolae_vaults_specimen_jars,
          layout_vaults_ring, serial_shops, bzr_firewalk,
          nicolae_shop_gibbet_a_chance, uniq_boris
Vaults:4: nicolae_vaults_tetromino_Z_2, nicolae_vaults_disjoint_gnomons,
          nicolae_vaults_closet_pinwheel_4, ontoclasm_vaults_ligature,
          nicolae_vaults_trapezoid_4, nicolae_vaults_disjoint_gnomons,
          nicolae_vaults_network_square, nicolae_vaults_six-pack,
          nicolae_vaults_diamond_1, nicolae_vaults_storage_room_water,
          nicolae_vaults_swerve, hangedman_vaults_stretched_pinwheel,
          nicolae_vaults_bisected_inception, serial_ice_m, vaults_room_corners,
          layout_vaults_maze
Vaults:5
Depths:1: grunt_bruiser_brothers, layout_twisted_cross, enter_ziggurat_d,
          hellmonk_ghost_time_enough, hangedman_coc_ice_floe,
          rand_demon_pan_entry_9, minmay_misc_feat_enclosed, st_stairs_7,
          elyvilon_altar_5
Depths:2: nzn_winding_woodlands_huge [nzn_winding_woodlands_5x15_split_checker,
          nzn_winding_woodlands_5x15_garden, nzn_winding_woodlands_5x15_twine,
          nzn_winding_woodlands_5x15_lazy_stream,
          nzn_winding_woodlands_5x15_crooked, nzn_winding_woodlands_5x15_cabin,
          nzn_winding_woodlands_5x15_default,
          nzn_winding_woodlands_5x15_sidewinder,
          nzn_winding_woodlands_5x15_pathside_ponds,
          nzn_winding_woodlands_5x15_default,
          nzn_winding_woodlands_center_diamonds,
          nzn_winding_woodlands_center_pierced_h,
          nzn_winding_woodlands_15x15_thick_spiral], layout_basic, pan_entry,
          nicolae_hepliaklqana_hippocampus, hell_entry
Depths:3: minmay_shoctagon, layout_gridlike, hell_entry, abyss_entry,
          minmay_misc_feat_rugged, infiniplex_staircase_pillars_2
Depths:4: evilmike_zot_entry_argh, layout_basic, lightli_too_deep, serial_shops,
          shop, shop, serial_glass, glass_columns_c, glass_columns_c,
          feat_on_display, feat_on_display, due_unseen_surprise,
          item_on_display_a, hangedman_decor_riveting, abyss_entry_crystal,
          minmay_shop_grove
Zot:1:    layout_gridlike, hangedman_zot_decor_checkerboard,
          gammafunk_ghost_cemetery
Zot:2:    layout_basic, regret_index_zotdec_wing_it, lemuel_golem_globe
Zot:3:    hangedman_zot_vaults_quadrants, layout_onion_interference
Zot:4:    kennysheep_bubbly, layout_gridlike, basic_altar, uniq_tiamat
Zot:5:    layout_onion, ebering_ghost_gozag

Skill      XL: |  1  2  3  4  5  6  7  8  9 10 11 12 13 14 15 16 17 18 19 20 21 22 23 24 25 26 27 |
---------------+----------------------------------------------------------------------------------+-----
Maces & Flails | 3 4 5 6 7 10 12 16 | 16.0
Armour         | 4 5 8 10 12 15 18 21 22 24 26 27 | 27.0
Invocations    | 1 5 7 8 9 10 | 10.0
Fighting       | 4 7 9 11 12 15 17 19 20 21 22 25 27 | 27.0
Throwing       | 5 9 12 14 16 | 16.0
Evocations     | 2 5 8 10 | 10.0
Shields        | 11 17 | 17.0
Dodging        | 6 12 14 15 | 15.9
Translocations | 8 |  8.9

Action                     |  1- 3 |  4- 6 |  7- 9 | 10-12 | 13-15 | 16-18 | 19-21 | 22-24 | 25-27 || total
---------------------------+-------+-------+-------+-------+-------+-------+-------+-------+-------++-------
  Melee: Flail             |    82 |       |       |       |       |       |       |       |       ||    82
         Mace              |    15 |       |       |       |       |       |       |       |       ||    15
         Whip              |     9 |   137 |   374 |   731 |  1629 |   745 |       |       |       ||  3625
         Eveningstar       |       |       |       |       |    30 |  1298 |  1904 |  2200 |  1945 ||  7377
         Headbutt          |       |       |       |       |       |       |       |       |   100 ||   100
  Throw: Dart              |       |       |       |     9 |    19 |     4 |       |       |       ||    32
         Javelin           |       |       |       |       |       |    12 |    12 |    47 |    78 ||   149
         Boomerang         |       |       |       |       |       |     6 |       |       |     5 ||    11
 Invoke: Heroism           |       |       |     1 |     5 |     6 |    10 |     8 |     8 |    17 ||    55
         Receive Armour    |       |       |       |     1 |       |       |       |       |       ||     1
         Receive Weapon    |       |       |       |       |     1 |       |       |       |       ||     1
         Finesse           |       |       |       |       |       |       |       |       |     7 ||     7
  Evoke: Wand              |       |     1 |       |     5 |       |     4 |       |     6 |     2 ||    18
         Tin of tremorston |       |       |       |       |       |       |       |     2 |       ||     2
         Phial of floods   |       |       |       |       |       |       |       |     1 |     1 ||     2
    Use: Scroll            |       |     6 |     4 |     7 |     9 |    11 |     4 |    11 |    19 ||    71
         Potion            |       |     1 |     1 |     2 |       |     6 |     2 |     4 |    15 ||    31
 Armour: Scale mail        |    76 |    18 |       |       |       |       |       |       |       ||    94
         Chain mail        |       |    85 |    83 |       |       |       |       |       |       ||   168
         Plate armour      |       |       |    90 |   434 |   940 |  2007 |  1546 |  1141 |   750 ||  6908
         Gold dragon scale |       |       |       |       |       |       |       |       |   437 ||   437
  Dodge: Dodged            |    44 |    40 |    68 |   113 |   561 |  1429 |  1058 |  1246 |  1053 ||  5612
         Repelled          |       |       |       |     3 |     5 |    43 |    36 |    21 |       ||   108
  Block: Buckler           |    23 |    17 |    26 |    82 |   210 |   419 |   145 |       |       ||   922
         Kite shield       |       |       |       |       |       |       |   838 |  1598 |  1691 ||  4127
         Reflection        |       |       |       |       |       |       |       |    17 |    30 ||    47
